Map: Polka LE

Players

Massa - Winner!

  • Race: Terran Terran
  • League: Platinum
  • Spawn Location: 11:00

qqq - Winner!

  • Race: Zerg Zerg
  • Spawn Location: 11:00

LowAPM

  • Race: Protoss Protoss
  • Spawn Location: 5:00

evoLG

  • Race: Terran Terran
  • Spawn Location: 5:00

VOD

Have the link to the VOD?

Description

Time

  • Played on: Feb. 13, 2021, 6:40 a.m.
  • Length: 12:48
Show
View Real Time Build Order
Export as new Build Order

Massa Terran - Winner!

Build Orders:  

Get SALT Encoding   

  12  0:00  SCV  
  13  0:13  SCV  
  14  0:24  Supply Depot  
  14  0:25  SCV  
  15  0:38  Refinery  
  15  0:45  SCV  
  15  0:48  Barracks  
  16  0:57  SCV  
  17  1:10  SCV  
  18  1:22  SCV  
  19  1:36  Orbital Command  
  19  1:43  Command Center  
  19  1:52  Barracks Reactor  
  19  2:02  SCV  
  19  2:05  Supply Depot  
  20  2:17  Factory  
  20  2:21  SCV  
  21  2:31  Supply Depot  
  21  2:33  Marine x2  
  23  2:39  SCV  
  23  2:41  Refinery  
  24  2:51  SCV, Barracks  
  25  2:53  Marine x2  
  27  3:04  Orbital Command  
  27  3:06  Bunker  
  27  3:11  SCV, Marine  
  29  3:15  Hellion  
  29  3:19  Marine  
  31  3:24  SCV  
  33  3:31  SCV  
  35  3:36  SCV  
  35  3:47  Barracks Tech Lab  
  35  3:52  Hellion  
  35  3:53  Hellion  
  39  3:57  Barracks Reactor  
  39  3:58  SCV x2  
  41  4:03  Engineering Bay  
  36  4:10  Marine, Stimpack  
  41  4:14  Hellion x2  
  46  4:28  Marine  
  44  4:37  Missile Turret  
  36  4:48  SCV, Missile Turret  
  36  4:49  SCV  
  36  5:00  SCV  
  36  5:01  SCV  
  36  5:05  Marine, Terran Infantry Weapons Level 1  
  36  5:06  Marine x2  
  37  5:18  Hellion x2  
  39  5:23  Marine  
  39  5:24  Marine x2  
  39  5:26  SCV x2  
  44  5:38  Missile Turret  
  44  5:39  SCV x2, Hellion x2  
  44  5:41  Marine x2  
  44  5:42  Marine  
  53  5:51  SCV  
  54  6:04  Marine x2  
  54  6:27  Supply Depot x3  
  54  6:28  Supply Depot  
  54  6:29  Refinery  
  54  6:31  Command Center  
  54  6:36  Barracks  
  54  6:37  Barracks  
  54  6:48  SCV x2, Marine  
  57  6:59  Terran Infantry Armor Level 1  
  57  7:00  Factory Tech Lab  
  57  7:02  SCV  
  57  7:03  SCV  
  57  7:06  Combat Shield  
  59  7:12  Armory  
  59  7:16  Marauder, Marine x2  
  61  7:29  Barracks Tech Lab  
  61  7:32  Siege Tank  
  61  7:34  Marine x2  
  66  7:38  Marauder  
  66  7:51  Marine  
  66  7:52  Marine x4  
  71  7:59  Marine  
  71  8:03  Starport  
  71  8:04  Siege Tank  
  71  8:05  Engineering Bay  
  75  8:06  Starport  
  75  8:07  Planetary Fortress  
  75  8:09  SCV x2, Marine  
  75  8:10  Marine  
  79  8:17  Smart Servos  
  79  8:18  Concussive Shells  
  79  8:21  SCV x2  
  81  8:27  Marauder x2, Marine  
  81  8:28  Marine  
  81  8:33  SCV  
  66  8:47  SCV x2  
  66  8:48  SCV, Marauder  
  64  8:50  Marine x5  
  64  8:51  Missile Turret  
  71  8:56  Medivac x2  
  71  8:59  SCV x2  
  77  9:08  Marine x5  
  77  9:09  Marine  
  83  9:25  Marine  
  83  9:26  Marine x2, Medivac x2  
  80  9:35  Siege Tank  
  80  9:37  Marauder, Marine  
  80  9:38  Marauder  
  75  9:59  Marauder  
  77  10:12  Command Center  
  77  10:15  Marine  
  77  10:16  Missile Turret  
  77  10:17  Missile Turret  
  78  10:22  Command Center  
  78  10:24  Terran Infantry Weapons Level 2, Supply Depot  
  78  10:25  Supply Depot  
  78  10:26  Supply Depot  
  78  10:27  Supply Depot  
  78  10:28  Supply Depot x2  
  78  10:36  Missile Turret  
  78  10:38  Missile Turret  
  78  10:45  Drilling Claws  
  78  10:46  Marauder, Marine x4, Siege Tank  
  78  10:47  Marauder, Medivac  
  91  10:58  Supply Depot x2  
  91  11:00  Supply Depot x2  
  91  11:03  Marine x2  
  93  11:05  Missile Turret  
  71  11:23  Supply Depot  
  71  11:24  Marauder x2, Supply Depot  
  69  11:27  SCV  
  69  11:28  SCV x2  
  72  11:38  Planetary Fortress  
  72  11:40  SCV x2  
  72  11:45  Marauder x2  
  78  11:52  Missile Turret  
  78  11:53  Medivac  
  80  11:55  Missile Turret  
  80  12:04  Refinery  
  80  12:06  Refinery  
  80  12:07  Marauder  
  82  12:26  SCV x4  
  82  12:27  Refinery  
  86  12:32  Starport Tech Lab, Starport Reactor  
  86  12:38  Refinery  
Show
View Real Time Build Order
Export as new Build Order

qqq Zerg - Winner!

Build Orders: Hatch First 

Get SALT Encoding   

  12  0:00  Drone  
  13  0:08  Drone  
  14  0:18  Overlord  
  14  0:45  Hatchery  
  14  0:49  Drone  
  14  0:58  Drone x2  
  16  1:08  Drone  
  17  1:17  Spawning Pool  
  16  1:20  Extractor  
  16  1:24  Drone  
  16  1:27  Drone  
  17  1:48  Drone x2  
  19  1:54  Drone  
  19  1:58  Drone  
  21  2:06  Queen  
  23  2:10  Queen  
  25  2:19  Overlord  
  25  2:25  Drone x2  
  27  2:33  Metabolic Boost  
  27  2:34  Drone  
  28  2:40  Overlord  
  28  2:43  Zergling x2  
  29  2:48  Drone  
  29  2:50  Zergling x2  
  31  2:56  Zergling x2, Evolution Chamber  
  31  2:58  Drone  
  31  3:03  Drone  
  33  3:09  Drone, Baneling Nest  
  33  3:13  Zergling x2  
  33  3:19  Zergling x4  
  36  3:20  Zergling x2  
  36  3:23  Zergling x2  
  38  3:30  Zerg Melee Weapons Level 1  
  38  3:31  Zergling x2  
  39  3:34  Overlord  
  39  3:38  Zergling x2  
  39  3:40  Zergling x2  
  41  3:42  Zergling x2  
  41  3:46  Zergling x2  
  43  3:49  Zergling x2  
  43  3:52  Overlord  
  43  3:54  Drone  
  45  3:59  Baneling x2  
  45  4:01  Zergling x4  
  47  4:04  Drone  
  47  4:06  Zergling x2  
  49  4:13  Zergling x2  
  49  4:15  Drone, Zergling x2  
  52  4:25  Zergling x4  
  52  4:29  Zergling x2  
  54  4:34  Spore Crawler  
  47  4:54  Zergling x2  
  47  4:55  Zergling x8  
  52  5:02  Zergling x4  
  52  5:03  Zergling x4  
  52  5:04  Zergling x6  
  57  5:23  Zergling x4  
  57  5:26  Overlord x2  
  52  5:47  Zergling x4  
  52  5:48  Zergling x6  
  54  6:10  Zergling x8  
  54  6:11  Zergling x8  
  61  6:23  Baneling x4  
  59  6:27  Zergling x6  
  59  6:28  Zergling x4  
  59  6:36  Zergling x4  
  59  6:38  Zergling x6  
  57  6:46  Zergling x2  
  56  6:53  Zergling x2  
  57  7:00  Drone x2  
  55  7:03  Lair  
  55  7:04  Zergling x2  
  55  7:05  Zergling x4  
  55  7:13  Zergling x4  
  52  7:18  Hatchery  
  49  7:24  Hatchery, Zerg Ground Armor Level 1  
  49  7:28  Zergling x2  
  49  7:29  Extractor  
  44  7:36  Zergling x4  
  44  7:37  Zergling x2  
  43  7:38  Drone, Overlord  
  43  7:40  Zergling x2  
  45  7:50  Drone  
  46  7:52  Extractor  
  46  7:54  Extractor, Drone  
  45  8:03  Spire  
  44  8:05  Drone  
  44  8:06  Zergling x4, Overlord x2  
  44  8:07  Drone  
  48  8:18  Drone x2  
  48  8:19  Drone  
  51  8:21  Spore Crawler  
  51  8:25  Drone  
  51  8:28  Zergling x4  
  53  8:40  Zergling x6  
  53  8:41  Drone x4  
  60  8:55  Drone x5  
  65  9:17  Mutalisk x4  
  65  9:19  Mutalisk x3  
  74  9:31  Mutalisk x3  
  74  9:33  Drone x2  
  74  9:34  Drone  
  74  9:36  Drone  
  83  9:48  Drone x4  
  83  9:50  Spore Crawler  
  86  9:53  Spore Crawler  
  86  9:55  Spore Crawler  
  86  9:56  Mutalisk  
  86  9:58  Mutalisk  
  88  10:09  Mutalisk x2  
  88  10:11  Drone x3  
  88  10:12  Drone  
  96  10:16  Drone x3  
  96  10:20  Extractor  
  96  10:21  Extractor  
  97  10:23  Extractor, Mutalisk  
  97  10:25  Extractor, Drone  
  98  10:28  Zerg Flyer Weapons Level 1  
  90  10:39  Baneling x3  
  90  10:40  Baneling x3  
  90  10:41  Drone x5  
  95  11:32  Mutalisk  
  95  11:33  Mutalisk x3  
  103  11:52  Overlord x4  
  94  12:14  Mutalisk x4  
  94  12:15  Zergling x10  
  101  12:28  Zergling x2  
Show
View Real Time Build Order
Export as new Build Order

LowAPM Protoss 

Build Orders: Oracle Opening 

Get SALT Encoding   

  12  0:00  Probe  
  13  0:13  Probe  
  14  0:21  Pylon  
  14  0:25  Probe  
  15  0:39  Probe (Chrono Boost)  
  15  0:42  Gateway  
  17  0:50  Probe (Chrono Boost)  
  17  0:53  Assimilator  
  17  0:55  Probe (Chrono Boost)  
  18  1:05  Probe  
  18  1:09  Assimilator  
  19  1:14  Pylon  
  19  1:17  Probe  
  20  1:30  Probe, Cybernetics Core  
  21  1:42  Probe  
  21  1:54  Probe (Chrono Boost)  
  22  1:55  Gateway  
  22  2:06  Probe (Chrono Boost)  
  23  2:08  Warp Gate  
  23  2:13  Probe (Chrono Boost)  
  24  2:20  Probe  
  25  2:24  Stargate  
  25  2:29  Zealot  
  27  2:32  Probe  
  27  2:35  Pylon  
  28  2:44  Probe  
  29  2:56  Nexus  
  29  3:06  Oracle (Chrono Boost)  
  32  3:14  Stalker  
  34  3:23  Probe  
  35  3:27  Pylon  
  35  3:35  Probe  
  35  3:39  Void Ray  
  40  3:51  Pylon  
  40  3:57  Probe  
  41  4:04  Stargate  
  41  4:09  Probe  
  42  4:10  Assimilator  
  42  4:16  Assimilator  
  42  4:17  Pylon  
  42  4:22  Probe  
  41  4:35  Shield Battery  
  41  4:46  Pylon  
  40  4:53  Zealot x2  
  48  5:04  Shield Battery  
  48  5:20  Adept x2  
  43  5:42  Void Ray (Chrono Boost)  
  43  5:45  Zealot  
  43  5:53  Pylon  
  43  5:54  Pylon  
  43  5:55  Void Ray (Chrono Boost)  
  26  6:23  Pylon  
  24  6:42  Probe  
  24  6:44  Probe, Void Ray  
  26  6:54  Probe  
  31  6:56  Probe  
  32  7:04  Nexus  
  32  7:06  Probe (Chrono Boost)  
  32  7:15  Probe (Chrono Boost)  
  33  7:18  Probe (Chrono Boost)  
  32  7:24  Probe (Chrono Boost)  
  33  7:38  Probe (Chrono Boost)  
  33  7:39  Probe (Chrono Boost)  
  35  8:02  Zealot x2  
  39  8:25  Zealot  
  26  8:53  Zealot  
  28  8:56  Probe x2 (Chrono Boost)  
  30  9:08  Probe x2 (Chrono Boost)  
  32  9:16  Probe x2 (Chrono Boost)  
  34  9:22  Probe  
  31  9:49  Probe x2  
  33  10:01  Probe x2  
  19  10:28  Phoenix  
  21  10:34  Phoenix  
  23  10:44  Probe (Chrono Boost)  
  23  10:45  Probe (Chrono Boost)  
  25  10:53  Phoenix  
  9  11:28  Phoenix x2  
  14  11:32  Probe  
  14  11:33  Probe  
  15  11:52  Probe (Chrono Boost)  
  15  11:53  Probe (Chrono Boost)  
  18  12:03  Probe x2 (Chrono Boost)  
Show
View Real Time Build Order
Export as new Build Order

evoLG Terran 

Build Orders:  

Get SALT Encoding   

  12  0:12  SCV  
  13  0:21  Supply Depot  
  13  0:24  SCV  
  14  0:36  SCV  
  14  0:41  Refinery  
  15  0:45  Barracks  
  15  0:49  SCV  
  16  1:04  Barracks  
  16  1:05  SCV  
  17  1:17  SCV  
  18  1:29  SCV  
  18  1:32  Marine  
  19  1:36  Supply Depot  
  20  1:41  SCV  
  21  1:53  Marine x2  
  23  1:57  Orbital Command  
  23  2:21  Command Center  
  23  2:24  Marine  
  23  2:26  Marine  
  25  2:31  SCV  
  26  2:38  Refinery  
  26  2:44  Factory  
  26  2:47  SCV  
  26  2:49  Marine  
  28  2:58  Barracks Reactor  
  28  2:59  SCV  
  29  3:07  Barracks Tech Lab  
  29  3:11  SCV  
  30  3:23  SCV  
  30  3:26  Stimpack  
  31  3:28  Factory Reactor, Supply Depot x2  
  31  3:33  Starport  
  31  3:35  Marine  
  31  3:37  Marine  
  33  3:47  Orbital Command  
  33  3:52  SCV  
  33  3:54  Marine  
  35  4:02  Marine  
  36  4:03  Marine  
  36  4:04  SCV  
  38  4:15  SCV  
  38  4:16  Medivac x2  
  43  4:26  SCV  
  44  4:33  Supply Depot  
  44  4:45  Marine x3  
  33  5:03  Marine x3  
  35  5:08  Factory Tech Lab  
  34  5:21  Marine x3  
  37  5:39  Marine x3  
  39  6:03  Supply Depot  
  39  6:25  Marine x3, Siege Tank  
  40  6:50  Command Center  
  40  6:51  Command Center  
  40  6:58  Supply Depot  
  40  7:19  Marine x3, Siege Tank  
  46  7:37  Marine  
  46  7:41  Marine x2  
  47  7:51  Combat Shield  
  47  8:01  Marine x3, Siege Tank  
  53  8:06  Orbital Command  
  53  8:19  Marine x3  
  56  8:37  Marine  
  57  8:55  Marine x3  
  60  9:13  Marine x3  
  63  9:31  Marine x3  
  66  9:49  Marine x2  
  66  9:51  Marine  
  69  9:54  Orbital Command  
  69  9:57  SCV x2  
  71  10:06  Marine x2  
  73  10:07  Supply Depot  
  73  10:09  SCV, Marine, Supply Depot  
  73  10:10  SCV  
  73  10:13  Barracks x2  
  76  10:14  Barracks  
  76  10:21  SCV  
  76  10:24  Engineering Bay  
  77  10:28  Marine x3  
  77  10:29  SCV x2, Medivac  
  77  10:34  SCV  
  85  10:41  SCV  
  86  10:46  Marine  
  86  10:47  Siege Tank  
  86  10:48  Marine x2  
  92  10:50  SCV  
  93  11:11  SCV, Marine  
  93  11:12  SCV, Marine x2  
  93  11:13  SCV  
  85  11:24  Barracks Reactor x2, SCV x2  
  85  11:25  Barracks Reactor  
  83  11:26  SCV  
  69  11:48  Missile Turret  
  69  11:49  Missile Turret  
  69  11:50  SCV x3  
  72  11:56  Medivac x2  
  68  12:02  SCV x3  
  71  12:13  Marine x5  
  71  12:14  SCV x2, Marine x4  
  82  12:31  SCV x3  
Tags
 
Add a new tag
Caveats
  • Supply blocks, unpowered buildings, or Contaminate may cause inaccurate times.
  • Supply counts are checked every 10 seconds.